| TOP OF THE 1ST |
|
Bluefield Blue Jays batting - Pitching for Texas (APP) Rangers : RHP Rick Madden
|
|
Pitching: RHP Rick Madden
|
|
|
Batting: LHB Jessie Stewart
|
0-0: Called Strike 0-1: Foul Ball, location: 2F 0-2: Foul Ball, location: 2F 0-2: Foul Ball, location: 2F 0-2: Ground out 4-3 (Groundball, 4M, EV 80.6 MPH)
|
|
Batting: RHB Mark Noftall
|
0-0: Ball 1-0: Ball 2-0: Called Strike 2-1: Ball 3-1: Called Strike 3-2: Foul Ball, location: 2F 3-2: Strikes out looking
|
|
Batting: LHB Edwin Esparza
|
0-0: Called Strike 0-1: Ball 1-1: Ball 2-1: Fly out, F9 (Flyball, 89S, EV 90.6 MPH)
|
| Top of the 1st over - 0 runs, 0 hits, 0 errors, 0 left on base; Bluefield 0 - Texas (APP) 0 |
| BOTTOM OF THE 1ST |
|
Texas (APP) Rangers batting - Pitching for Bluefield Blue Jays : LHP Zhu Chai
|
|
Pitching: LHP Zhu Chai
|
|
|
Batting: RHB Evan Fry
|
0-0: Called Strike 0-1: Ball 1-1: Ball 2-1: Called Strike 2-2: Fly out, F7 (Flyball, BS1, EV 108.1 MPH)
|
|
Batting: RHB Robert Topete
|
0-0: Ball 1-0: Ball 2-0: Called Strike 2-1: Ball 3-1: Base on Balls
|
|
Batting: RHB Jerry Foster
|
0-0: Called Strike 0-1: Fielders Choice at 2nd, 4-6 (Groundball, 34, EV 89.4 MPH)
|
|
Batting: RHB Ron Squires
|
0-0: Ball 1-0: Ball 2-0: Fly out, F6 (Line Drive, 6, EV 66.9 MPH)
|
| Bottom of the 1st over - 0 runs, 0 hits, 0 errors, 1 left on base; Bluefield 0 - Texas (APP) 0 |
| TOP OF THE 2ND |
|
Bluefield Blue Jays batting - Pitching for Texas (APP) Rangers : RHP Rick Madden
|
|
Batting: RHB Cedric Nicholls
|
0-0: Foul Ball, location: 2F 0-1: Ground out 4-3 (Groundball, 34D, EV 108.8 MPH)
|
|
Batting: RHB Tom Bergman
|
0-0: Ground out 5-3 (Groundball, 56, EV 96.9 MPH)
|
|
Batting: RHB Benedikt Fleischmann
|
0-0: Called Strike 0-1: Foul Ball, location: 2F 0-2: Ball 1-2: Ball 2-2: Strikes out swinging
|
| Top of the 2nd over - 0 runs, 0 hits, 0 errors, 0 left on base; Bluefield 0 - Texas (APP) 0 |
| BOTTOM OF THE 2ND |
|
Texas (APP) Rangers batting - Pitching for Bluefield Blue Jays : LHP Zhu Chai
|
|
Batting: LHB Alex Rivera
|
0-0: Ball 1-0: SOLO HOME RUN (Flyball, 9D, EV 95.6 MPH), Distance : 368 ft
|
|
Batting: RHB Ryan Salas
|
0-0: Foul Ball, location: 2F 0-1: Foul Ball, location: 2F 0-2: Ball 1-2: Ball 2-2: Foul Ball, location: 2F 2-2: Foul Ball, location: 2F 2-2: Ground out 5-3 (Groundball, 5S, EV 84.4 MPH)
|
|
Batting: RHB Josh Shoemaker
|
0-0: Ball 1-0: Ball 2-0: Swinging Strike 2-1: Foul Ball, location: 2F 2-2: Foul Ball, location: 2F 2-2: Ball 3-2: Base on Balls
|
|
Batting: LHB Bobby Scott
|
0-0: Called Strike 0-1: Swinging Strike 0-2: Ball 1-2: Fly out, F9 (Flyball, 9D, EV 106.2 MPH)
|
|
Batting: SHB Tyler Romo
|
0-0: Foul Ball, location: 2F 0-1: Swinging Strike 0-2: Ball 1-2: Foul Ball, location: 2F 1-2: SINGLE (Groundball, 4MD, EV 111.2 MPH) Josh Shoemaker to second Runner from 2nd tries for 3rd, SAFE, throw by CF made to third Tyler Romo to second
|
|
Batting: RHB Evan Fry
|
0-0: Called Strike 0-1: SINGLE (Groundball, 4D, EV 104.4 MPH) Josh Shoemaker scores Tyler Romo to third Runner from 3rd tries for Home, SAFE, throw by CF to home
|
|
Batting: RHB Robert Topete
|
0-0: Ball 1-0: Ball 2-0: Foul Ball, location: 2F 2-1: Reached on error, E6 (Groundball, 6MD, EV 90.6 MPH) Evan Fry to third
|
|
Batting: RHB Jerry Foster
|
0-0: Ball 1-0: Fly out, F3 (Popup, 3S, EV 81.9 MPH)
|
| Bottom of the 2nd over - 3 runs, 3 hits, 1 error, 2 left on base; Bluefield 0 - Texas (APP) 3 |
| TOP OF THE 3RD |
|
Bluefield Blue Jays batting - Pitching for Texas (APP) Rangers : RHP Rick Madden
|
|
Batting: SHB Miguel Sano Jr.
|
0-0: Ball 1-0: Ball 2-0: Called Strike 2-1: Foul Ball, location: 2F 2-2: Foul Ball, location: 2F 2-2: Fly out, F9 (Flyball, 89M, EV 88.8 MPH)
|
|
Batting: RHB Jerry Perez
|
0-0: Called Strike 0-1: Ball 1-1: Ball 2-1: Swinging Strike 2-2: Ball 3-2: Foul Ball, location: 2F 3-2: Foul Ball, location: 2F 3-2: Strikes out swinging
|
|
Batting: RHB Hanley Hernandez
|
0-0: Ball 1-0: Ball 2-0: DOUBLE (Groundball, 5L, EV 106.9 MPH)
|
|
Batting: LHB Jessie Stewart
|
0-0: Hit by Pitch
|
|
Batting: RHB Mark Noftall
|
0-0: Ball 1-0: Called Strike 1-1: Foul Ball, location: 2F 1-2: DOUBLE (Line Drive, 7LM, EV 103.8 MPH) Hanley Hernandez scores Jessie Stewart to third Runner from 3rd tries for Home, SAFE, throw by LF to trailing runner, OUT at third! 7-3-5
|
| Top of the 3rd over - 2 runs, 2 hits, 0 errors, 0 left on base; Bluefield 2 - Texas (APP) 3 |
| BOTTOM OF THE 3RD |
|
Texas (APP) Rangers batting - Pitching for Bluefield Blue Jays : LHP Zhu Chai
|
|
Batting: RHB Ron Squires
|
0-0: Ball 1-0: Ball 2-0: Called Strike 2-1: DOUBLE (Line Drive, 9LM, EV 98.1 MPH)
|
|
Batting: LHB Alex Rivera
|
0-0: Ball 1-0: Ball 2-0: SINGLE (Groundball, 6D, EV 103.8 MPH) Ron Squires to third
|
|
Batting: RHB Ryan Salas
|
0-0: Foul Ball, location: 2F 0-1: Ball Wild Pitch! Ron Squires scores Alex Rivera to second 1-1: Ball 2-1: Ball 3-1: Base on Balls
|
|
Batting: RHB Josh Shoemaker
|
0-0: Grounds into double play, 5-4-3 (Groundball, 56, EV 86.2 MPH) Alex Rivera to third
|
|
Batting: LHB Bobby Scott
|
0-0: Foul Ball, location: 2F 0-1: Ball 1-1: Swinging Strike 1-2: Strikes out swinging
|
| Bottom of the 3rd over - 1 run, 2 hits, 0 errors, 1 left on base; Bluefield 2 - Texas (APP) 4 |
| TOP OF THE 4TH |
|
Bluefield Blue Jays batting - Pitching for Texas (APP) Rangers : RHP Rick Madden
|
|
Batting: LHB Edwin Esparza
|
0-0: Ball 1-0: Foul Ball, location: 2F 1-1: Fly out, F6 (Line Drive, 6D, EV 66.9 MPH)
|
|
Batting: RHB Cedric Nicholls
|
0-0: Called Strike 0-1: SINGLE (Flyball, 8LS, EV 91.2 MPH)
|
|
Batting: RHB Tom Bergman
|
0-0: Called Strike 0-1: Foul Ball, location: 2F 0-2: Ball 1-2: Strikes out looking
|
|
Batting: RHB Benedikt Fleischmann
|
0-0: Called Strike 0-1: DOUBLE (Line Drive, 78XD, EV 110.6 MPH) Cedric Nicholls to third
|
|
Batting: SHB Miguel Sano Jr.
|
0-0: Swinging Strike 0-1: Foul Ball, location: 2F 0-2: Ball 1-2: Foul Ball, location: 2F 1-2: Strikes out swinging
|
| Top of the 4th over - 0 runs, 2 hits, 0 errors, 2 left on base; Bluefield 2 - Texas (APP) 4 |
| BOTTOM OF THE 4TH |
|
Texas (APP) Rangers batting - Pitching for Bluefield Blue Jays : LHP Zhu Chai
|
|
Batting: SHB Tyler Romo
|
0-0: Ball 1-0: SINGLE (Line Drive, 4D, EV 101.2 MPH)
|
|
Batting: RHB Evan Fry
|
0-0: Called Strike Tyler Romo steals 2nd, throwing error, E2 Tyler Romo to third 0-1: Ball 1-1: Fly out, F8 (Line Drive, 8LD, EV 106.2 MPH) Runner from 3rd tags up, SCORES, throw by CF
|
|
Batting: RHB Robert Topete
|
0-0: Ball 1-0: Ball 2-0: Ball 3-0: Base on Balls
|
|
Pitching: LHP William Capuano
|
|
|
Batting: RHB Jerry Foster
|
0-0: Called Strike 0-1: Ball 1-1: Swinging Strike 1-2: Ball 2-2: SINGLE (Groundball, 15S, EV 61.2 MPH) (infield hit) Robert Topete to second
|
|
Batting: RHB Ron Squires
|
0-0: Ball 1-0: SINGLE (Groundball, 56D, EV 107.5 MPH) (infield hit) Robert Topete to third Jerry Foster to second
|
|
Batting: LHB Alex Rivera
|
0-0: Called Strike 0-1: Ball 1-1: SINGLE (Groundball, 34D, EV 95.6 MPH) Robert Topete scores Jerry Foster to third Ron Squires to second Runner from 3rd tries for Home, throw by RF and OUT! 9-2 Ron Squires to third Alex Rivera to second
|
|
Batting: RHB Ryan Salas
|
0-0: Foul Ball, location: 2F 0-1: Ball 1-1: Foul Ball, location: 2F 1-2: Ground out 6-3 (Groundball, 6, EV 82.5 MPH)
|
| Bottom of the 4th over - 2 runs, 4 hits, 1 error, 2 left on base; Bluefield 2 - Texas (APP) 6 |
| TOP OF THE 5TH |
|
Bluefield Blue Jays batting - Pitching for Texas (APP) Rangers : RHP Rick Madden
|
|
Batting: RHB Jerry Perez
|
0-0: Called Strike 0-1: Ball 1-1: Foul Ball, location: 2F 1-2: Ball 2-2: Ball 3-2: Strikes out swinging
|
|
Batting: RHB Hanley Hernandez
|
0-0: Called Strike 0-1: Ball 1-1: Swinging Strike 1-2: Ball 2-2: Strikes out swinging
|
|
Batting: LHB Jessie Stewart
|
0-0: Called Strike 0-1: Foul Ball, location: 2F 0-2: Foul Ball, location: 2F 0-2: Ball 1-2: Strikes out swinging
|
| Top of the 5th over - 0 runs, 0 hits, 0 errors, 0 left on base; Bluefield 2 - Texas (APP) 6 |
| BOTTOM OF THE 5TH |
|
Texas (APP) Rangers batting - Pitching for Bluefield Blue Jays : LHP William Capuano
|
|
Batting: RHB Josh Shoemaker
|
0-0: Ball 1-0: Fly out, F8 (Flyball, 8LS, EV 82.5 MPH)
|
|
Batting: LHB Bobby Scott
|
0-0: Ball 1-0: Foul Ball, location: 2F 1-1: Ball 2-1: DOUBLE (Line Drive, 7LS, EV 93.8 MPH)
|
|
Batting: SHB Tyler Romo
|
0-0: Ball 1-0: Called Strike 1-1: Ground out 1-3 (Groundball, 13S, EV 60.0 MPH) Bobby Scott to third
|
|
Batting: RHB Evan Fry
|
0-0: Ball 1-0: Foul Ball, location: 2F 1-1: TRIPLE (Line Drive, 9LD, EV 108.1 MPH) Bobby Scott scores
|
|
Batting: RHB Robert Topete
|
0-0: Ball 1-0: Ball 2-0: Ball 3-0: Base on Balls
|
|
Batting: RHB Jerry Foster
|
0-0: SINGLE (Groundball, 56, EV 107.5 MPH) (infield hit) Evan Fry scores Robert Topete to second
|
|
Batting: RHB Ron Squires
|
0-0: Swinging Strike 0-1: Ball 1-1: Swinging Strike 1-2: Ball 2-2: SINGLE (Groundball, 6M, EV 79.4 MPH) (infield hit) Robert Topete to third Jerry Foster to second
|
|
Batting: LHB Alex Rivera
|
0-0: Called Strike 0-1: Swinging Strike 0-2: Ball 1-2: Ball 2-2: SINGLE (Groundball, 4D, EV 101.2 MPH) Robert Topete scores Jerry Foster to third Ron Squires to second Runner from 3rd tries for Home, SAFE, throw by CF to home
|
|
Batting: RHB Ryan Salas
|
0-0: Ball 1-0: DOUBLE (Line Drive, 8RXD, EV 110.6 MPH) Ron Squires scores Alex Rivera to third
|
|
Pitching: RHP Philip Sonnichsen
|
|
|
Batting: RHB Josh Shoemaker
|
0-0: Ball 1-0: Ground out 1-3 (Groundball, 15, EV 61.9 MPH)
|
| Bottom of the 5th over - 5 runs, 6 hits, 0 errors, 2 left on base; Bluefield 2 - Texas (APP) 11 |
| TOP OF THE 6TH |
|
Bluefield Blue Jays batting - Pitching for Texas (APP) Rangers : RHP Rick Madden
|
|
Batting: RHB Mark Noftall
|
0-0: Ball 1-0: Swinging Strike 1-1: Foul Ball, location: 2F 1-2: Foul Ball, location: 2F 1-2: Foul Ball, location: 2F 1-2: Strikes out swinging
|
|
Pitching: RHP Jose Vela
|
|
|
Batting: LHB Edwin Esparza
|
0-0: Ball 1-0: Called Strike 1-1: Foul Ball, location: 2F 1-2: Ball 2-2: Strikes out swinging
|
|
Batting: RHB Cedric Nicholls
|
0-0: Ground out 3-1 (Groundball, 34, EV 103.1 MPH)
|
| Top of the 6th over - 0 runs, 0 hits, 0 errors, 0 left on base; Bluefield 2 - Texas (APP) 11 |
| BOTTOM OF THE 6TH |
|
Texas (APP) Rangers batting - Pitching for Bluefield Blue Jays : RHP Philip Sonnichsen
|
|
Batting: LHB Bobby Scott
|
0-0: Ground out 1-3 (Groundball, P, EV 71.2 MPH)
|
|
Batting: SHB Tyler Romo
|
0-0: Called Strike 0-1: Ball 1-1: Called Strike 1-2: Foul Ball, location: 2F 1-2: Reached on error, E6 (Groundball, 6, EV 92.5 MPH)
|
|
Batting: RHB Evan Fry
|
0-0: TRIPLE (Flyball, 89XD, EV 104.4 MPH) Tyler Romo scores
|
|
Batting: RHB Robert Topete
|
0-0: Called Strike 0-1: Ball 1-1: Foul Ball, location: 2F 1-2: Ball 2-2: Ground out 5-3 (Groundball, 56S, EV 80.0 MPH) Evan Fry scores
|
|
Batting: RHB Jerry Foster
|
0-0: Called Strike 0-1: DOUBLE (Line Drive, 7LS, EV 101.9 MPH)
|
|
Batting: RHB Ron Squires
|
0-0: Ball 1-0: Foul Ball, location: 2F 1-1: Ball Passed Ball! Jerry Foster to third 2-1: Swinging Strike 2-2: SINGLE (Groundball, 56D, EV 105.0 MPH) (infield hit) Jerry Foster scores
|
|
Batting: LHB Alex Rivera
|
0-0: Called Strike 0-1: Ball 1-1: Ground out 2-3 (Groundball, 15S, EV 70.6 MPH)
|
| Bottom of the 6th over - 3 runs, 3 hits, 1 error, 1 left on base; Bluefield 2 - Texas (APP) 14 |
| TOP OF THE 7TH |
|
Bluefield Blue Jays batting - Pitching for Texas (APP) Rangers : RHP Jose Vela
|
|
Batting: RHB Tom Bergman
|
0-0: Called Strike 0-1: Foul Ball, location: 2F 0-2: Foul Ball, location: 2F 0-2: Strikes out swinging
|
|
Batting: RHB Benedikt Fleischmann
|
0-0: Foul Ball, location: 2F 0-1: Ball 1-1: Ball 2-1: Foul Ball, location: 2F 2-2: Ball 3-2: Strikes out swinging
|
|
Batting: SHB Miguel Sano Jr.
|
0-0: Foul Ball, location: 2F 0-1: Ball 1-1: Ball 2-1: Ball 3-1: Foul Ball, location: 2F 3-2: Foul Ball, location: 2F 3-2: Strikes out swinging
|
| Top of the 7th over - 0 runs, 0 hits, 0 errors, 0 left on base; Bluefield 2 - Texas (APP) 14 |
| BOTTOM OF THE 7TH |
|
Texas (APP) Rangers batting - Pitching for Bluefield Blue Jays : RHP Philip Sonnichsen
|
|
Batting: RHB Ryan Salas
|
0-0: DOUBLE (Line Drive, 3D, EV 95.6 MPH) - OUT at third base trying to stretch hit.
|
|
Batting: RHB Josh Shoemaker
|
0-0: Called Strike 0-1: Foul Ball, location: 2F 0-2: Foul Ball, location: 2F 0-2: Ball 1-2: Ball 2-2: SOLO HOME RUN (Flyball, 7D, EV 99.4 MPH), Distance : 368 ft
|
|
Batting: LHB Bobby Scott
|
0-0: Called Strike 0-1: Foul Ball, location: 2F 0-2: Ball 1-2: Ball 2-2: Strikes out swinging
|
|
Batting: SHB Tyler Romo
|
0-0: Fly out, F7 (Flyball, 7S, EV 96.9 MPH)
|
| Bottom of the 7th over - 1 run, 2 hits, 0 errors, 0 left on base; Bluefield 2 - Texas (APP) 15 |
| TOP OF THE 8TH |
|
Bluefield Blue Jays batting - Pitching for Texas (APP) Rangers : RHP Jose Vela
|
|
Batting: RHB Jerry Perez
|
0-0: Called Strike 0-1: Ball 1-1: Swinging Strike 1-2: Strikes out swinging
|
|
Batting: RHB Hanley Hernandez
|
0-0: Called Strike 0-1: Called Strike 0-2: Foul Ball, location: 2F 0-2: Foul Ball, location: 2F 0-2: Ball 1-2: Ball 2-2: Foul Ball, location: 2F 2-2: Strikes out swinging
|
|
Batting: LHB Jessie Stewart
|
0-0: Ball 1-0: Ball 2-0: Ball 3-0: Called Strike 3-1: Foul Ball, location: 2F 3-2: Foul Ball, location: 2F 3-2: Foul Ball, location: 2F 3-2: Strikes out swinging
|
| Top of the 8th over - 0 runs, 0 hits, 0 errors, 0 left on base; Bluefield 2 - Texas (APP) 15 |
| BOTTOM OF THE 8TH |
|
Texas (APP) Rangers batting - Pitching for Bluefield Blue Jays : RHP Philip Sonnichsen
|
|
Batting: RHB Evan Fry
|
0-0: Ball 1-0: Ground out 6-3 (Groundball, 6D, EV 102.5 MPH)
|
|
Batting: RHB Robert Topete
|
0-0: Fly out, F8 (Flyball, 8RM, EV 92.5 MPH)
|
|
Batting: RHB Jerry Foster
|
0-0: Foul Ball, location: 2F 0-1: Ball 1-1: SINGLE (Groundball, 6MD, EV 102.5 MPH)
|
|
Pitching: RHP Joe Linkous
|
|
|
Batting: RHB Ron Squires
|
0-0: Ball 1-0: Ball 2-0: Foul Ball, location: 2F 2-1: Foul Ball, location: 2F 2-2: Ball 3-2: DOUBLE (Line Drive, 89D, EV 103.8 MPH) Jerry Foster to third Jerry Foster scores
|
|
Batting: LHB Alex Rivera
|
0-0: Foul Ball, location: 2F 0-1: Swinging Strike 0-2: Strikes out swinging
|
| Bottom of the 8th over - 1 run, 2 hits, 0 errors, 1 left on base; Bluefield 2 - Texas (APP) 16 |
| TOP OF THE 9TH |
|
Bluefield Blue Jays batting - Pitching for Texas (APP) Rangers : RHP Jose Vela
|
|
Batting: RHB Mark Noftall
|
0-0: Ball 1-0: Ball 2-0: Ball 3-0: Called Strike 3-1: Base on Balls
|
|
Pitching: RHP Brad Sanchez
|
|
|
Batting: LHB Edwin Esparza
|
0-0: Called Strike 0-1: Foul Ball, location: 2F 0-2: Ball 1-2: Strikes out swinging
|
|
Batting: RHB Cedric Nicholls
|
0-0: Ball Wild Pitch! Mark Noftall to second 1-0: Ball 2-0: Swinging Strike 2-1: Called Strike 2-2: Strikes out swinging
|
|
Batting: RHB Brandon Williams
|
0-0: Ball 1-0: Ball 2-0: Called Strike 2-1: Called Strike 2-2: Strikes out swinging
|
| Top of the 9th over - 0 runs, 0 hits, 0 errors, 1 left on base; Bluefield 2 - Texas (APP) 16 |
|